 Dungeon Crawl Stone Soup version 0.27-a0-604-g29a88b33a7 (webtiles) character file.

Game seed: 14944242412002612698

27 dickylongcocking the Chucker (level 3, 0/37 HPs)
             Began as an Ogre Hunter on Mar 13, 2021.
             Was an Initiate of Okawaru.
             Slain by a goblin
             ... wielding a +0 club
              (3 damage)
             ... on level 2 of the Dungeon.
             The game lasted 00:01:19 (1681 turns).

dickylongcocking the Chucker (Ogre Hunter)          Turns: 1681, Time: 00:01:20

Health: 0/37       AC:  3    Str: 16    XL:     3   Next: 10%
Magic:  3/3        EV:  9    Int: 12    God:    Okawaru [......]
Gold:   51         SH:  0    Dex: 10    Spells: 2/2 levels left

rFire    . . .     SeeInvis .   c - +0 whip
rCold    . . .     Faith    .   (no shield)
rNeg     . . .     Spirit   .   b - +0 robe
rPois    .         Reflect  .   (helmet restricted)
rElec    .         Harm     .   (no cloak)
rCorr    .         Rampage  .   (gloves unavailable)
Will     .....                  (boots unavailable)
Stlth    +.........             (no amulet)
HPRegen  0.12/turn              (no ring)
MPRegen  0.08/turn              (no ring)

@: lethally poisoned (0 -> -5), attractive, hasted, very quick
A: large, unfitting armour, tough skin 1
a: Renounce Religion


You were on level 2 of the Dungeon.
You worshipped Okawaru.
Okawaru was noncommittal.
You visited 1 branch of the dungeon, and saw 2 of its levels.

You collected 51 gold pieces.

Inventory:

Hand Weapons
 a - a +0 short sword
 c - a +0 whip (weapon)
 e - a +0 club
Missiles
 f - 2 throwing nets (quivered)
Armour
 b - a +0 robe (worn)
Scrolls
 h - a scroll of random uselessness {unknown}
 i - a scroll of identify {unknown}
 j - a scroll of enchant armour {unknown}
 k - 2 scrolls of blinking {unknown}


   Skills:
 * Level 3.3 Fighting
 * Level 1.1 Maces & Flails
 - Level 4.4 Throwing
 - Level 1.7 Dodging
 - Level 0.6 Stealth


You had 2 spell levels left.
You didn't know any spells.
Your spell library was empty.

Dungeon Overview and Level Annotations

Branches:
Dungeon (2/15)

Altars:
Okawaru


Innate Abilities, Weirdness & Mutations

You are too large for most types of armour.
You have tough skin. (AC +1)


Message History

Press: ? - help, Q - select action, (/) - cycle Shift-Dir - straight line, f/p - adder
Aim: an adder (moderately wounded, 40% to hit)
You throw a large rock. The large rock misses the adder.
* * * LOW HITPOINT WARNING * * *
You feel sick. The adder closely misses you. The adder barely misses you.
Unknown command.
Press < or > to pray at altars.
It was a potion of attraction.
You feel attractive to monsters.
* * * LOW HITPOINT WARNING * * *
You feel sick. The adder bites you but does no damage.
The goblin barely misses you.
Unknown command.
Press < or > to pray at altars.
It was a potion of haste.
You feel yourself speed up. The adder barely misses you. The adder bites you.
* * * LOW HITPOINT WARNING * * *
Unknown command.
Press < or > to pray at altars.
Unknown command.
Press < or > to pray at altars.
Throw: 2 large rocks
Press: ? - help, Q - select action, (/) - cycle Shift-Dir - straight line, f/p - adder
Aim: an adder (moderately wounded, 40% to hit)
You throw a large rock. The large rock barely misses the adder.
* * * LOW HITPOINT WARNING * * *
You feel sick. The goblin hits you but does no damage.
The adder closely misses you. The goblin hits you but does no damage.
Unknown command.
Press < or > to pray at altars.
Throw: large rock
Press: ? - help, Q - select action, (/) - cycle Shift-Dir - straight line, f/p - adder
Aim: an adder (moderately wounded, 40% to hit)
You throw a large rock. The large rock hits the adder.
The adder is almost dead.
* * * LOW HITPOINT WARNING * * *
You feel sick. The adder bites you.
* * * LOW HITPOINT WARNING * * *
The goblin hits you with a +0 club.
You die...

# ..... ###. .......
#... ........ #.#..
..#......
#....♣.♣.........
..♣.♣.♣......#
♣.♣.♣.♣.....#+#+##
♣.@S♣.♣.........#
♣.♣g♣.♣..........#
..♣.♣.♣...#.......#
.....♣.♣....#.......#
#..#...♣...#.........###
#.............<.........
#.....###......##.......
.### #......+........
#......###......


You could see an adder and a goblin.

Vanquished Creatures
  An ooze (D:1)
  A dart slug (D:1)
  3 bats (D:1)
  2 goblins (D:1)
  A hobgoblin (D:1)
  3 jackals (D:1)
  3 kobolds (D:1)
  A ball python (D:1)
  2 frilled lizards (D:1)
  2 rats (D:1)
19 creatures vanquished.

Notes
Turn   | Place    | Note
-------+----------+-------------------------------------------
     0 | D:1      | dickylongcocking the Ogre Hunter began the quest for the
                  | Orb.
     0 | D:1      | Reached XP level 1. HP: 22/22 MP: 1/1
    27 | D:1      | Reached XP level 2. HP: 22/29 MP: 2/2
  1240 | D:1      | Reached skill level 1 in Maces & Flails
  1240 | D:1      | Reached XP level 3. HP: 31/37 MP: 3/3
  1658 | D:2      | Found an iron altar of Okawaru.
  1674 | D:2      | Became a worshipper of Warmaster Okawaru
  1681 | D:2      | Slain by a goblin

Illustrated notes

Levels and vault maps discovered:
D:1:      ebering_trefoil_twist, layout_basic
D:2:      layout_basic, lemuel_crystal_altar, lemuel_crystal_altar,
          grunt_ministairs_14, okawaru_trees_2

Skill      XL: |  1  2 |
---------------+-------+-----
Fighting       | 3 |  3.3
Maces & Flails | 1 |  1.1
Throwing       | |  4.4
Dodging        | |  1.7
Stealth        | |  0.6

Action                   || total
-------------------------++-------
Melee: Short sword       ||     7
       Whip              ||    65
       Club              ||    11
Throw: Large rock        ||    12
       Throwing net      ||     2
  Use: Potion            ||     3
Armor: Robe              ||    54
Dodge: Dodged            ||    94

Table legend: (Time is in decaauts)
 A = Elapsed time spent in this place.
 B = Non-inter-level travel time spent in this place.
 C = Inter-level travel time spent in this place.
 D = Time resting spent in this place.
 E = Time spent auto-exploring this place.
 F = Levels seen in this place.
 G = Mean time per level.
                   A        B        C        D        E       F      G
               +--------+--------+--------+--------+--------+-----+--------+
         Total |   1696 |   1686 |     10 |    878 |    567 |   2 |  848.0 |
       Dungeon |   1696 |   1686 |     10 |    878 |    567 |   2 |  848.0 |
               +--------+--------+--------+--------+--------+-----+--------+

Top non-repeatable levels by time:
     D:1: 1670 daAuts
     D:2: 25 daAuts
